 Dungeon Sprint DCSS version 0.27-a0-1245-g940ed4fa31 (webtiles) character file.

Game seed: 2261848301062066462

963 howech the Cruncher (level 7, -10/70 HPs)
             Began as a Minotaur Gladiator on June 9, 2021.
             Was a High Priest of Trog.
             Mangled by a two-headed ogre
             ... wielding a +0 giant club
              (25 damage)
             ... in the Dungeon (Sprint VII: "The Pits").
             The game lasted 00:02:41 (670 turns).

howech the Cruncher (Minotaur Gladiator)             Turns: 670, Time: 00:02:42

Health: -10/70     AC: 14    Str: 19    XL:     7   Next: 92%
Magic:  6/6        EV: 11    Int:  5    God:    Trog [*****.]
Gold:   0          SH:  0    Dex: 13    Spells: 6/6 levels left

rFire    . . .     SeeInvis .   a - +0 quarterstaff
rCold    . . .     Faith    .   (shield currently unavailable)
rNeg     . . .     Spirit   .   q - +3 chain mail
rPois    .         Reflect  .   c - +0 hat
rElec    .         Harm     .   (no cloak)
rCorr    .         Rampage  .   (no gloves)
Will     .....     NoTele   +   (no boots)
Stlth    ..........             (no amulet)
HPRegen  0.21/turn              (no ring)
MPRegen  0.10/turn              (no ring)

@: no status effects
A: horns 2, retaliatory headbutt
a: Renounce Religion, Berserk, Trog's Hand, Brothers in Arms


You were in the Dungeon.
You worshipped Trog.
Trog was extremely pleased with you.
You visited 1 branch

Inventory:

Hand Weapons
 a - a +0 quarterstaff (weapon)
 k - a +2 hand axe
 l - a +2 quarterstaff
 p - a +3 hand axe of freezing
Missiles
 d - 3 throwing nets (quivered)
Armour
 b - a +0 leather armour
 c - a +0 hat (worn)
 q - a +3 chain mail (worn)
Scrolls
 j - a scroll of blinking
 n - 5 scrolls of amnesia
 o - a scroll of summoning
Potions
 e - 5 potions of curing
 f - 5 potions of heal wounds
 g - a potion of haste
 h - 4 potions of magic
 i - 3 potions of berserk rage
 m - 2 potions of invisibility


   Skills:
 + Level 9.6 Fighting
 + Level 10.0 Staves
 + Level 8.0 Throwing
 + Level 9.2 Armour
 + Level 9.2 Dodging


You had 6 spell levels left.
You didn't know any spells.
Your spell library was empty.

Dungeon Overview and Level Annotations

Branches:
Dungeon (1/1)

Altars:
Cheibriados
Dithmenos
Elyvilon
Fedhas
Gozag
Hepliaklqana
Makhleb
Nemelex Xobeh
Okawaru
Qazlal
Ru
Sif Muna
Trog
Vehumet
Wu Jian
Xom
Yredelemnul
Zin
The Shining One
Beogh
Jiyva
Lugonu


Innate Abilities, Weirdness & Mutations

You have a pair of horns on your head.
You reflexively headbutt those who attack you in melee.


Message History

The spriggan hits you with a +0 short sword.
You closely miss the spriggan. Your headbutt misses the spriggan.
The spriggan hits you but does no damage.
You hit the spriggan.
The spriggan is lightly wounded.
You sock the spriggan! Your headbutt misses the spriggan.
The spriggan is heavily wounded.
The spriggan hits you with a +0 short sword.
The spriggan blocks your attack.
The spriggan is heavily wounded.
The spriggan hits you with a +0 short sword.
You sock the spriggan!
You kill the spriggan!
Trog accepts your kill.
Your Staves skill increases to level 10!
Your Throwing skill increases to level 8!
Your Armour skill increases to level 9!
Your Dodging skill increases to level 9!
You hit the two-headed ogre but do no damage.
You sock the two-headed ogre!
The two-headed ogre is lightly wounded.
The two-headed ogre hits you with a +0 giant club.
The two-headed ogre hits you but does no damage.
You hit the two-headed ogre. You headbutt the two-headed ogre.
The two-headed ogre is moderately wounded.
The two-headed ogre hits you with a +0 giant club!
The two-headed ogre hits you with a +0 giant spiked club!!
You closely miss the two-headed ogre.
The two-headed ogre is moderately wounded.
You barely miss the two-headed ogre.
The two-headed ogre is moderately wounded.
The two-headed ogre hits you with a +0 giant club!!
* * * LOW HITPOINT WARNING * * *
The two-headed ogre closely misses you.
Unknown command.
You feel much better.
The two-headed ogre hits you with a +0 giant club!
* * * LOW HITPOINT WARNING * * *
The two-headed ogre hits you with a +0 giant spiked club!!
You die...

#†#........##.......#
#.#........##.......#
#)###########.......#
#.......#).##########
#...#...#)######
#...#...#.#....#
#.##.##.#)#....#
#...#...#.Oo...+
#...#..@#o#
#.......O.#
###########


You could see a two-headed ogre.

Vanquished Creatures
  A spriggan (D)
  A shadow (D)
  A warg (D)
  A water moccasin (D)
  A floating eye (D)
  A centaur (D)
  A bullfrog (D)
  A scorpion (D)
  A gnoll sergeant (D)
  A hound (D)
  3 gnolls (D)
  2 adders (D)
  An ufetubus (D)
  An orc (D)
  A ball python (D)
  A giant cockroach (D)
  4 jackals (D)
  A quokka (D)
  A quokka zombie (D)
25 creatures vanquished.

Notes
Turn   | Place    | Note
-------+----------+-------------------------------------------
     0 | D        | howech the Minotaur Gladiator began the quest for the Orb.
     0 | D        | Reached XP level 1. HP: 18/18 MP: 0/0
    12 | D        | Reached skill level 4 in Staves
    12 | D        | Reached skill level 1 in Armour
    12 | D        | Reached XP level 2. HP: 26/26 MP: 1/1
    36 | D        | Found a glowing golden altar of the Shining One.
    36 | D        | Found a glowing silver altar of Zin.
    36 | D        | Found a basalt altar of Yredelemnul.
    36 | D        | Found a shimmering altar of Xom.
    36 | D        | Found an ornate altar of the Wu Jian Council.
    36 | D        | Found a bloodstained altar of Trog.
    36 | D        | Found a shimmering blue altar of Sif Muna.
    36 | D        | Found a sacrificial altar of Ru.
    36 | D        | Found a stormy altar of Qazlal.
    36 | D        | Found an iron altar of Okawaru.
    36 | D        | Found a sparkling altar of Nemelex Xobeh.
    36 | D        | Found a burning altar of Makhleb.
    36 | D        | Found a viscous altar of Jiyva.
    36 | D        | Found a hazy altar of Hepliaklqana.
    36 | D        | Found an opulent altar of Gozag.
    36 | D        | Found a blossoming altar of Fedhas.
    36 | D        | Found a white marble altar of Elyvilon.
    36 | D        | Found a shadowy altar of Dithmenos.
    36 | D        | Found a snail-covered altar of Cheibriados.
    38 | D        | Found a corrupted altar of Lugonu.
    38 | D        | Found a radiant altar of Vehumet.
    39 | D        | Became a worshipper of Trog the Wrathful
    57 | D        | Reached * piety under Trog
    61 | D        | Noticed a floating eye
    67 | D        | Reached ** piety under Trog
    67 | D        | Paralysed by a floating eye for 3 turns
    68 | D        | Reached XP level 3. HP: 27/33 MP: 2/2
    81 | D        | Reached *** piety under Trog
    82 | D        | Reached skill level 5 in Staves
    82 | D        | Killed a floating eye
    83 | D        | Reached skill level 5 in Fighting
    83 | D        | Reached skill level 6 in Staves
    83 | D        | Reached skill level 5 in Dodging
    83 | D        | Reached XP level 4. HP: 21/44 MP: 3/3
   252 | D        | Noticed a centaur
   252 | D        | Noticed a bullfrog
   252 | D        | Noticed a water moccasin
   264 | D        | Killed a water moccasin
   265 | D        | Reached skill level 7 in Staves
   265 | D        | Reached skill level 5 in Throwing
   265 | D        | Reached XP level 5. HP: 27/51 MP: 4/4
   273 | D        | Reached XP level 6. HP: 60/60 MP: 5/5
   274 | D        | Reached **** piety under Trog
   275 | D        | Reached skill level 8 in Staves
   313 | D        | Noticed a warg
   317 | D        | Killed a warg
   318 | D        | Reached skill level 9 in Staves
   318 | D        | Reached XP level 7. HP: 58/69 MP: 6/6
   319 | D        | Noticed a shadow
   324 | D        | Killed a shadow
   324 | D        | Reached ***** piety under Trog
   652 | D        | Noticed a spriggan
   657 | D        | Noticed a two-headed ogre
   663 | D        | Killed a spriggan
   664 | D        | Reached skill level 10 in Staves
   669 | D        | HP: 1/70 [two-headed ogre/+0 giant club (23)]
   670 | D        | Mangled by a two-headed ogre

Illustrated notes

Levels and vault maps discovered:
D:        pitsprint [storerooms_1, entrance_room_1, metal_vault_4, armoury_2,
          mini_pit_1, grid_room_1, main_hall_1, silver_pit, the_coven_3,
          the_vestibule_1, steel_vault_1, golden_pit, hallway_of_sentries,
          crystal_vault_4, iron_vault_2, final_vault]

Skill      XL: |  1  2  3  4  5  6  7 |
---------------+----------------------+-----
Fighting       | 3 4 5 6 7 8 9 |  9.6
Staves         | 4 6 7 9 10 | 10.0
Armour         | 1 2 4 6 8 9 |  9.2
Dodging        | 4 5 6 8 9 |  9.2
Throwing       | 3 4 5 7 8 |  8.0

Action                   |  1- 3 |  4- 6 |  7- 9 || total
-------------------------+-------+-------+-------++-------
Melee: Quarterstaff      |    21 |    26 |    30 ||    77
       Headbutt          |     4 |     5 |     6 ||    15
Invok: Berserk           |       |     1 |       ||     1
       Trog's Hand       |       |     1 |       ||     1
  Use: Potion            |       |     1 |     1 ||     2
Armor: Leather armour    |     6 |       |       ||     6
       Chain mail        |       |    12 |     4 ||    16
Dodge: Dodged            |    19 |    20 |    14 ||    53

Table legend: (Time is in decaauts)
 A = Elapsed time spent in this place.
 B = Non-inter-level travel time spent in this place.
 C = Inter-level travel time spent in this place.
 D = Time resting spent in this place.
 E = Time spent auto-exploring this place.
 F = Levels seen in this place.
 G = Mean time per level.
                   A        B        C        D        E       F      G
               +--------+--------+--------+--------+--------+-----+--------+
         Total |    671 |    671 |      0 |    415 |      0 |   1 |  671.0 |
       Dungeon |    671 |    671 |      0 |    415 |      0 |   1 |  671.0 |
               +--------+--------+--------+--------+--------+-----+--------+

Top non-repeatable levels by time:
       D: 671 daAuts
